 Dungeon Crawl Stone Soup version 0.15.2 (webtiles) character file.

119 Huymann the Magician (level 4, -7/24 HPs)
             Began as a Deep Elf Wizard on Nov 26, 2018.
             Killed by divine providence
             ... invoked by an orc priest
              (13 damage)
             ... on Level 4 of the Dungeon.
             The game lasted 00:22:39 (2432 turns).

Huymann the Magician (Deep Elf Wizard)              Turns: 2432, Time: 00:22:39

HP  -7/24        AC  3     Str  5      XL: 4   Next: 74%
MP   8/17        EV 14     Int 23      God:
Gold 110         SH  0     Dex 16      Spells:  5 memorised,  3 levels left

rFire  . . .     SeeInvis .     j - +1 dagger (holy)
rCold  . . .     Clarity  .     a - +0 robe
rNeg   . . .     rCorr    .     (no shield)
rPois  .         rRot     .     b - +0 hat
rElec  .         Spirit   .     (no cloak)
SustAb .         Warding  .     w - +0 pair of gloves {Dex+3}
rMut   .         Stasis   .     (no boots)
Gourm  .                        (no amulet)
MR     .....                    (no ring)
                                (no ring)

@: not resistant to hostile enchantments, unstealthy
A: no striking features
a: no special abilities


You were on level 4 of the Dungeon.
You were hungry.

You visited 1 branch of the dungeon, and saw 4 of its levels.

You collected 110 gold pieces.

Inventory:

Hand weapons
 g - a +0 short sword
 j - a +1 dagger of holy wrath (weapon)
 y - a +2 hunting sling of velocity
Missiles
 k - 9 poisoned needles
Armour
 a - a +0 robe (worn)
 b - a +0 hat (worn)
 f - a +0 robe
 w - a +0 pair of gloves of dexterity (worn)
 z - a +0 robe
Magical devices
 p - a wand of fireball (3) {unknown}
Comestibles
 d - a bread ration
 h - 3 meat rations
 A - a rotting chunk of jackal flesh
Scrolls
 e - 2 scrolls of immolation {unknown}
 i - 3 scrolls of remove curse
 l - a scroll of amnesia {unknown}
 n - 3 scrolls of enchant weapon {unknown}
 o - a scroll of random uselessness {unknown}
 q - a scroll of noise {unknown}
 s - a scroll of teleportation {unknown}
 u - 6 scrolls of identify
 x - a scroll of fog {unknown}
Jewellery
 m - an uncursed amulet of resist mutation
Potions
 r - a potion of magic {unknown}
 t - 2 potions of cancellation
 v - a potion of restore abilities {unknown}
Books
 c - a book of Minor Magic

   Spells                             Type                      Level
   *Magic Dart                        Conjuration                  1
   Blink                              Translocation                2
   *Call Imp                          Summoning                    2
   *Repel Missiles                    Charms/Air                   2
   Slow                               Hexes                        2
   *Conjure Flame                     Conjuration/Fire             3
   *Mephitic Cloud                    Conjuration/Poison/Air       3


   Skills:
 + Level 0.1 Fighting
 + Level 0.4 Short Blades
 * Level 3.6 Dodging
 * Level 3.4 Stealth
 + Level 5.5 Spellcasting
 * Level 2.5 Conjurations
 + Level 1.2 Summonings
   Level 1.1 Translocations
 + Level 0.2 Fire Magic


You had 3 spell levels left.
You knew the following spells:

 Your Spells              Type           Power        Failure   Level  Hunger
a - Magic Dart            Conj           ###.         3%          1    None
b - Call Imp              Summ           ##......     10%         2    None
c - Repel Missiles        Chrm/Air       #.....       17%         2    None
d - Conjure Flame         Conj/Fire      ##......     17%         3    ##.....
e - Mephitic Cloud        Conj/Pois/Air  ##......     21%         3    ##.....


Dungeon Overview and Level Annotations

Branches:
Dungeon (4/15)
 Temple: D:4-7

Altars:
Qazlal


Message History

The giant gecko is heavily wounded.
The giant gecko closely misses you.
Casting: Magic Dart
Confirm with . or Enter, or press ? or * to list all spells.
A beastly little devil appears in a puff of flame.
You hear the rapid hiss of an avalanche of sand, a long way away.
The giant gecko barely misses you.
Your crimson imp closely misses the orc.
The orc priest looks braver.
Your crimson imp barely misses the orc.
The orc barely misses your crimson imp.
Your magical contamination has completely faded away.
Your crimson imp misses the orc.
The orc barely misses your crimson imp. The giant gecko barely misses you.
The orc hits your crimson imp but does no damage.
Your crimson imp hits the orc.
Your crimson imp hits the orc but does no damage.
The orc priest calls down the wrath of Beogh upon you.
Something smites you!
Ouch! That really hurt!
You die...

###......### ..
#..........# ..
####..#....... 8.
#...#####... #
#...## # #....#
#.)..# #....##
#...@.## #...l..#
##.
##.#....####....
###).##....##.....
#.....#o5.........
#####.........##..
#.o...)...#
#..####...## #..#
##...####


You could see an orc priest, an orc, a giant gecko and a friendly crimson imp.

Vanquished Creatures
  A hound (D:4)
  2 adders
  A giant mite (D:2)
  A worm (D:2)
  2 giant geckos
  4 orcs
  3 bats
  4 giant cockroaches
  6 goblins
  5 hobgoblins
  4 jackals (D:4)
  7 kobolds
  2 ball pythons
  3 giant newts
  A goblin skeleton (D:4)
  8 rats
54 creatures vanquished.

Vanquished Creatures (collateral kills)
  A quokka (D:3)
  3 jackals (D:3)
4 creatures vanquished.

Vanquished Creatures (others)
  A goblin (D:3)
1 creature vanquished.

Grand Total: 59 creatures vanquished

Notes
Turn   | Place    | Note
--------------------------------------------------------------
     0 | D:1      | Huymann, the Deep Elf Wizard, began the quest for the Orb.
     0 | D:1      | Reached XP level 1. HP: 10/10 MP: 6/6
   187 | D:1      | Reached XP level 2. HP: 13/15 MP: 0/10
   696 | D:1      | Learned a level 2 spell: Call Imp
   699 | D:1      | Learned a level 2 spell: Repel Missiles
   984 | D:2      | Reached skill level 5 in Spellcasting
  1037 | D:2      | Reached XP level 3. HP: 19/19 MP: 3/14
  1323 | D:2      | Learned a level 3 spell: Conjure Flame
  1632 | D:3      | Learned a level 3 spell: Mephitic Cloud
  1641 | D:3      | Reached XP level 4. HP: 24/24 MP: 13/17
  1687 | D:3      | Found a stormy altar of Qazlal.
  1864 | D:4      | Noticed a phantom
  2194 | D:4      | HP: 1/24 [hound (4)]
  2432 | D:4      | Killed from afar by an orc priest

Action                   |  1- 3 |  4- 6 || total
-------------------------+-------+-------++-------
Melee: Short sword       |     4 |       ||     4
       Dagger            |     5 |    53 ||    58
 Cast: Magic Dart        |    83 |    36 ||   119
       Call Imp          |     3 |     2 ||     5
       Mephitic Cloud    |     1 |     3 ||     4
       Conjure Flame     |       |     2 ||     2
  Use: Scroll            |     2 |     1 ||     3
 Stab: Sleeping          |     1 |     1 ||     2
       Confused          |     1 |       ||     1
  Eat: Chunk             |     2 |     2 ||     4
